 Dungeon Sprint DCSS version 0.29-a0-563-g64e4043184 (webtiles) character file.

Game seed: 2435151761859094804

9 mhtbhm the Ruffian (level 2, -4/31 HPs)
             Began as a Formicid Transmuter on June 11, 2022.
             Slain by a gnoll sergeant
             ... wielding a +0 spear
              (7 damage)
             ... in the Dungeon (Sprint IX: "|||||||||||||||||||||||||||||").
             The game lasted 00:00:38 (127 turns).

mhtbhm the Ruffian (Formicid Transmuter)             Turns: 127, Time: 00:00:38

Health: -4/31      AC: 21    Str: 14    XL:     2   Next: 20%
Magic:  6/6        EV:  2    Int: 12    God:
Gold:   0          SH:  0    Dex: 11    Spells: 6/7 levels left

rFire   . . .      SeeInvis .     - Unarmed
rCold   . . .      Faith    .   (no shield)
rNeg    . . .      Spirit   .   (body armour currently unavailable)
rPois   +          Reflect  .   (helmet unavailable)
rElec   .          Harm     .   (cloak currently unavailable)
rCorr   .          Rampage  .   (gloves currently unavailable)
Will    .....                   (boots currently unavailable)
Stlth   +.........              (no amulet)
HPRegen 0.10/turn               (no ring)
MPRegen 0.10/turn               (no ring)

@: tree-form (expiring)
A: stationary, stasis, torment immunity, boosted hp, permanent stasis, dig
shafts and tunnels, (antennae 3), four strong arms
a: no special abilities


You were in the Dungeon.
You were a tree.
You visited 1 branch

Inventory:

Armour
 a - a +0 robe (melded)
Potions
 c - a potion of curing
 e - 2 potions of magic


   Skills:
 + Level 1.1 Fighting
 + Level 2.0 Dodging
 + Level 0.1 Stealth
 + Level 4.0 Unarmed Combat
 + Level 3.3 Spellcasting
 + Level 2.7 Transmutations


You had 6 spell levels left.
You knew the following spells:

 Your Spells              Type           Power      Damage    Failure   Level
a - Beastly Appendage     Tmut           16%        N/A       8%          1

Your spell library contained the following spells:

 Spells                   Type           Power      Damage    Failure   Level
 Wereblood                Tmut           8%         N/A       12%         2
 Spider Form              Tmut/Pois      5%         N/A       38%         3
 Ice Form                 Ice/Tmut       5%         N/A       80%         4


Dungeon Overview and Level Annotations

Branches:
Dungeon (1/1)

Altars:


Innate Abilities, Weirdness & Mutations

You are a tree.
Your roots penetrate the ground, keeping you stationary.
You cannot be teleported.
You are immune to unholy pain and torment.
Your maximum health is greatly increased.
Your equipment is partially melded.
You cannot be hasted, slowed, berserked, paralysed or teleported.
You can dig through walls and to a lower floor.
((You have a pair of large antennae on your head. (SInv)))
Your four strong arms can wield two-handed weapons with a shield.


Message History

The gnoll sergeant barely misses you.
The gnoll sergeant hits you but does no damage.
The gnoll sergeant hits you but does no damage.
Unknown command.
The gnoll sergeant hits you but does no damage.
The gnoll sergeant hits you but does no damage.
Unknown command.
An orc wizard appears from thin air!
Reactivating autopickup.
The orc wizard mumbles some strange words.
The orc wizard flickers and vanishes!
Deactivating autopickup; reactivate with Ctrl-A.
The gnoll sergeant hits you from afar with a +0 spear.
* * * LOW HITPOINT WARNING * * *
The gnoll sergeant hits you but does no damage.
Unknown command.
Casting: Beastly Appendage (safe; 8% risk of failure)
Press: ? - help, Q - select action, (/) - cycle Dir - look around, f - activate
Okay, then.
Sorry, you're not good enough to have a special ability.
Sorry, you're not good enough to have a special ability.
Casting: Beastly Appendage (safe; 8% risk of failure)
Confirm with . or Enter, or press ? or * to list all spells.
You are stuck in your current form!
You cannot move.
The gnoll sergeant hits you but does no damage.
Unknown command.
Unknown command.
The gnoll sergeant hits you but does no damage.
The gnoll sergeant hits you but does no damage.
The gnoll sergeant hits you from afar with a +0 spear.
* * * LOW HITPOINT WARNING * * *
Your transformation is almost over.
The gnoll sergeant hits you but does no damage.
Unknown command.
The gnoll sergeant hits you but does no damage.
The gnoll sergeant hits you but does no damage.
The gnoll sergeant hits you but does no damage.
The gnoll sergeant hits you from afar with a +0 spear!
You die...

▓.▓
▓.▓
▓.▓
▓'▓
▓)▓
▓†▓
▓.▓
▓.▓
▓♣▓
▓'▓
▓g▓
▓g▓
▓{▓
▓o▓
{
▓.▓
▓+▓


You could see a gnoll sergeant, a gnoll and an orc.

Vanquished Creatures
  A dart slug (D)
  An orc (D)
  An endoplasm (D)
  A goblin (D)
  A bat (D)
  A frilled lizard (D)
6 creatures vanquished.

Notes
Turn   | Place    | Note
-------+----------+-------------------------------------------
     0 | D        | mhtbhm the Formicid Transmuter began the quest for the Orb.
     0 | D        | Reached XP level 1. HP: 15/15 MP: 3/3
    16 | D        | Reached XP level 2. HP: 16/21 MP: 3/5
    18 | D        | Reached skill level 4 in Unarmed Combat
    20 | D        | Banished a spatial maelstrom
    84 | D        | Noticed a gnoll sergeant
   127 | D        | Slain by a gnoll sergeant

Illustrated notes

Levels and vault maps discovered:
D:        linesprint [early_d, line_temple, items_1, d_10, items_2, lair_1,
          lair_end, items_3, orc_1, orc_end, items_4, d_15, swamp_1, shoals_1,
          snake_1, spider_1, d_20, vaults_1, items_5, swamp_end, shoals_end,
          snake_end, spider_end, vaults_end, d_27, items_6, zot_1, zot_end,
          crypt_end, forest_end, elf_end, slime_end, tomb_end, abyss_end,
          pan_hell_end]

Skill      XL: |  1  2 |
---------------+-------+-----
Dodging        | 2 |  2.0
Unarmed Combat | 4 |  4.0
Spellcasting   | 3 |  3.3
Fighting       | |  1.1
Stealth        | |  0.1
Transmutations | |  2.7

Action                   || total
-------------------------++-------
Melee: Unarmed           ||    13
       Kick              ||     3
 Cast: Beastly Appendage ||     2
  Use: Potion            ||     2
 Stab: Sleeping          ||     1
Armor: Skin              ||    24
Dodge: Dodged            ||     7

Table legend: (Time is in decaauts)
 A = Elapsed time spent in this place.
 B = Non-inter-level travel time spent in this place.
 C = Inter-level travel time spent in this place.
 D = Time resting spent in this place.
 E = Time spent auto-exploring this place.
 F = Levels seen in this place.
 G = Mean time per level.
                   A        B        C        D        E       F      G
               +--------+--------+--------+--------+--------+-----+--------+
         Total |    126 |    126 |      0 |     59 |      0 |   1 |  126.0 |
       Dungeon |    126 |    126 |      0 |     59 |      0 |   1 |  126.0 |
               +--------+--------+--------+--------+--------+-----+--------+

Top non-repeatable levels by time:
       D: 126 daAuts
